 Dungeon Crawl Stone Soup version 0.21-a0-321-g91e3373 (webtiles) character file.

5740 rickyfort the Infuser (level 10, -3/76 HPs)
             Began as a Gnoll Skald on Sept 30, 2017.
             Was a Follower of Uskayaw.
             Slain by a blink frog (12 damage)
             ... on level 1 of the Lair of Beasts.
             The game lasted 00:40:58 (10444 turns).

rickyfort the Infuser (Gnoll Skald)                Turns: 10444, Time: 00:40:59

Health: -3/76      AC: 13    Str: 17    XL:     10   Next: 77%
Magic:  18/20      EV: 10    Int: 22    God:    Uskayaw [*.....]
Gold:   471        SH:  0    Dex: 14    Spells: 16/23 levels left

rFire    . . .     SeeInvis .   s - +1 hand axe (elec)
rCold    . . .     Gourm    .   (no shield)
rNeg     . . .     Faith    .   J - +2 chain mail {rPois}
rPois    +         Spirit   .   (no helmet)
rElec    .         Reflect  .   y - +0 cloak
rCorr    +         Harm     .   (no gloves)
MR       .....                  (no boots)
Stlth    ..........             (no amulet)
HPRegen  0.22/turn              x - ring of resist corrosion
MPRegen  0.17/turn              p - +6 ring of intelligence

@: singing
A: distributed training, fangs 1, strong nose
a: Stomp, Renounce Religion


You were on level 1 of the Lair of Beasts.
You worshipped Uskayaw.
Uskayaw was noncommittal.
You were hungry.

You visited 3 branches of the dungeon, and saw 11 of its levels.

You collected 471 gold pieces.

Inventory:

Hand Weapons
 s - a +1 hand axe of electrocution (weapon)
 Y - a +2 scimitar of flaming
Missiles
 e - 13 tomahawks (quivered)
Armour
 b - a +0 leather armour
 u - a +2 chain mail of cold resistance
 y - a +0 cloak (worn)
 J - a +2 chain mail of poison resistance (worn)
Jewellery
 a - an uncursed ring of ice
 j - an uncursed ring of wizardry
 p - a +6 ring of intelligence (right hand)
 q - a +4 ring of intelligence
 x - a ring of resist corrosion (left hand)
 G - an uncursed ring of see invisible
Wands
 A - a wand of paralysis (17/24)
 T - a wand of acid (7/15)
 U - a wand of paralysis (14/24)
 Z - a wand of acid (9/15)
Scrolls
 f - 2 scrolls of teleportation
 g - 5 scrolls of enchant weapon
 l - 5 scrolls of remove curse
 o - 10 scrolls of identify {unknown}
 r - 4 scrolls of magic mapping
 B - 2 scrolls of fog {unknown}
 D - 3 scrolls of recharging {unknown}
 F - a scroll of amnesia
 L - a scroll of immolation {unknown}
 M - 4 scrolls of random uselessness {unknown}
 O - a scroll of silence {unknown}
 Q - a scroll of enchant armour {unknown}
 V - a scroll of brand weapon {unknown}
 W - a scroll of noise {unknown}
Potions
 h - 2 potions of degeneration {unknown}
 i - 2 potions of resistance {unknown}
 n - a potion of might {unknown}
 w - a potion of agility {unknown}
 C - 2 potions of ambrosia {unknown}
 E - a potion of cancellation {unknown}
 I - a potion of lignification {unknown}
 N - 6 potions of heal wounds {unknown}
 P - a potion of mutation {unknown}
 S - 2 potions of flight {unknown}
Books
 c - a book of Battle

   Spells                             Type                      Level
   a - Infusion                       Charms                       1
   b - Shroud of Golubria             Charms/Translocation         2
   c - Song of Slaying                Charms                       2
   d - Spectral Weapon                Hexes/Charms                 3
   e - Regeneration                   Charms/Necromancy            3
 K - a book of Misfortune

   Spells                             Type                      Level
   a - Confusing Touch                Hexes                        1
   b - Confuse                        Hexes                        3
   c - Gell's Gravitas                Translocation                3
   d - Petrify                        Transmutation/Earth          4
   e - Metabolic Englaciation         Hexes/Ice                    5
   f - Yara's Violent Unravelling     Hexes/Transmutation          5
Comestibles
 d - 5 bread rations
 m - a royal jelly
 t - 6 fruits
 H - 3 meat rations


   Skills:
 + Level 6.2 Fighting
 + Level 4.4 Short Blades
 + Level 4.8 Long Blades
 + Level 7.6 Axes
 + Level 4.7 Maces & Flails
 + Level 5.4 Polearms
 + Level 6.2 Staves
 + Level 5.4 Slings
 + Level 5.8 Bows
 + Level 5.9 Crossbows
 + Level 4.8 Throwing
 + Level 5.8 Armour
 + Level 7.5 Dodging
 + Level 5.7 Stealth
   Level 0.0 Stabbing
 + Level 5.4 Shields
   Level 0.0 Traps
 + Level 4.8 Unarmed Combat
 + Level 7.2 Spellcasting
 + Level 5.4 Conjurations
 + Level 5.7 Hexes
 + Level 9.4 Charms
 + Level 4.7 Summonings
 + Level 6.0 Necromancy
 + Level 5.8 Translocations
 + Level 5.0 Transmutations
 + Level 5.5 Fire Magic
 + Level 4.2 Ice Magic
 + Level 4.8 Air Magic
 + Level 5.1 Earth Magic
 + Level 5.3 Poison Magic
 + Level 5.3 Invocations
 + Level 4.8 Evocations


You had 16 spell levels left.
You knew the following spells:

 Your Spells              Type           Power        Failure   Level  Hunger
a - Regeneration          Chrm/Necr      #####.....   12%         3    None
b - Shroud of Golubria    Chrm/Tloc      #####.....   7%          2    None
c - Song of Slaying       Chrm           #####...     3%          2    None


Dungeon Overview and Level Annotations

Branches:
Dungeon (9/15)             Temple (1/1) D:5            Lair (1/6) D:8
    Orc: D:9-12

Altars:
Ashenzari
Cheibriados
Dithmenos
Elyvilon
Fedhas
Hepliaklqana
Kikubaaqudgha
Makhleb
Okawaru
Qazlal
Ru
Trog
Uskayaw
Wu Jian
Xom
Yredelemnul
Zin

Shops:
D:8 *


Innate Abilities, Weirdness & Mutations

Your experience applies equally to all skills.
You have very sharp teeth.
Your uncanny sense of smell can sniff out nearby items.


Message History

The blink frog hits you!
* * * LOW HITPOINT WARNING * * *
The blink frog hits you!
* * * LOW HITPOINT WARNING * * *
You can no longer pass through a line of other dancers.
You feel better. The blink frog closely misses you.
The blink frog blinks! x2
The blink frog blinks!
The blink frog blinks!
The blink frog hits you but does no damage.
Your magical contamination has completely faded away.
The blink frog barely misses you. The blink frog hits you.
* * * LOW HITPOINT WARNING * * *
The blink frog blinks!
The blink frog blinks!
The blink frog barely misses you.
The blink frog blinks!
The blink frog closely misses you.
The blink frog hits you but does no damage.
The blink frog blinks!
The blink frog hits you!
You die...

##.......#
##..Y....#
#........#
##.YY....#
##..Y....##
#...Y....P#
##..ยง....##
#..F.....#
#..@.....#
#.......##
#...F...#
##.......#
#P.......##
##........#
#.(.....##
#.......#
#.>.....#


You could see 5 yaks and 2 blink frogs.

Vanquished Creatures
  Erica (D:9)
  A troll (D:9)
  A shadow (D:9)
  A wyvern (D:9)
  3 wargs (D:8)
  2 water moccasins (Lair:1)
  A porcupine (Lair:1)
  4 orc warriors
  5 ice beasts
  A phantom (D:6)
  A black bear (D:6)
  2 ogres
  3 centaurs
  Blork the orc (D:4)
  2 bullfrogs (D:7)
  A scorpion (D:7)
  16 killer bees
  A crimson imp (D:6)
  4 hounds
  12 orc priests
  4 jellies
  3 iguanas
  5 orc wizards
  3 bullfrog skeletons
  Natasha (twice) (D:4 D:5)
  9 worker ants
  A hound skeleton (D:5)
  2 howler monkey zombies
  A gnoll (D:1)
  A worker ant zombie (D:8)
  7 adders
  3 river rats (D:3)
  A shadow imp (D:9)
  2 adder skeletons
  5 worms (D:3)
  4 dart slugs
  6 leopard geckos
  39 orcs
  4 ball pythons
  12 giant cockroaches
  12 goblins
  7 hobgoblins
  16 jackals
  3 kobolds
  6 quokkas
  8 bats
  3 frilled lizards
  A giant cockroach zombie (D:6)
  3 quokka skeletons
  A quokka zombie (D:7)
  10 rats
247 creatures vanquished.

Vanquished Creatures (others)
  An orc wizard (D:4)
1 creature vanquished.

Grand Total: 248 creatures vanquished

Notes
Turn   | Place    | Note
-------+----------+-------------------------------------------
     0 | D:1      | rickyfort the Gnoll Skald began the quest for the Orb.
     0 | D:1      | Reached XP level 1. HP: 20/20 MP: 6/6
    50 | D:1      | Reached skill level 1 in Bows
    50 | D:1      | Reached XP level 2. HP: 6/26 MP: 3/7
   353 | D:1      | Reached skill level 1 in Invocations
   416 | D:1      | Reached skill level 1 in Fire Magic
   446 | D:1      | Reached XP level 3. HP: 31/31 MP: 9/9
   982 | D:1      | Reached skill level 5 in Spellcasting
  1222 | D:2      | Reached skill level 1 in Necromancy
  1226 | D:2      | Reached skill level 1 in Throwing
  1300 | D:2      | Reached skill level 1 in Staves
  1304 | D:2      | Reached XP level 4. HP: 37/38 MP: 11/11
  1316 | D:2      | Reached skill level 1 in Transmutations
  1412 | D:2      | Learned a level 3 spell: Regeneration
  1415 | D:2      | Learned a level 2 spell: Shroud of Golubria
  1499 | D:2      | Reached skill level 5 in Dodging
  1738 | D:2      | Reached skill level 1 in Polearms
  1976 | D:3      | Found a snail-covered altar of Cheibriados.
  2055 | D:3      | Reached skill level 1 in Hexes
  2055 | D:3      | Reached skill level 1 in Translocations
  2055 | D:3      | Reached skill level 1 in Poison Magic
  2315 | D:3      | Reached skill level 5 in Axes
  2327 | D:3      | Reached skill level 1 in Slings
  2327 | D:3      | Reached skill level 1 in Stealth
  2327 | D:3      | Reached skill level 1 in Air Magic
  2329 | D:3      | Reached skill level 1 in Short Blades
  2329 | D:3      | Reached skill level 1 in Shields
  2329 | D:3      | Reached XP level 5. HP: 29/43 MP: 7/12
  2595 | D:3      | Reached skill level 1 in Ice Magic
  2600 | D:3      | Reached skill level 1 in Evocations
  3280 | D:3      | Found a hazy altar of Hepliaklqana.
  3591 | D:3      | Reached skill level 1 in Summonings
  3815 | D:3      | Reached XP level 6. HP: 25/49 MP: 8/13
  4017 | D:3      | Reached skill level 1 in Earth Magic
  4295 | D:4      | Reached skill level 1 in Crossbows
  4494 | D:4      | Learned a level 2 spell: Song of Slaying
  4563 | D:4      | Reached skill level 1 in Conjurations
  4828 | D:4      | Noticed Blork the orc
  4839 | D:4      | Killed Blork the orc
  4839 | D:4      | Reached skill level 7 in Charms
  4841 | D:4      | HP: 1/49 [orc/mace (5)]
  4860 | D:5      | Entered Level 5 of the Dungeon
  5119 | D:5      | Found a staircase to the Ecumenical Temple.
  5135 | Temple   | Entered the Ecumenical Temple
  5174 | Temple   | Became a worshipper of Uskayaw the Reveler
  5209 | D:4      | Reached * piety under Uskayaw
  5211 | D:4      | Reached ** piety under Uskayaw
  5216 | D:4      | Reached *** piety under Uskayaw
  5218 | D:4      | Reached **** piety under Uskayaw
  5219 | D:4      | Reached XP level 7. HP: 49/55 MP: 8/14
  5471 | D:4      | Noticed Natasha
  5478 | D:4      | Killed Natasha
  5478 | D:4      | Reached skill level 1 in Long Blades
  5562 | D:4      | Reached skill level 1 in Maces & Flails
  5782 | D:5      | Reached skill level 5 in Fighting
  5808 | D:5      | Found a shattered altar of Ashenzari.
  5811 | D:5      | Found a stormy altar of Qazlal.
  5812 | D:5      | Found a basalt altar of Yredelemnul.
  6140 | D:5      | Reached skill level 1 in Unarmed Combat
  6163 | D:5      | Noticed Natasha
  6178 | D:5      | Killed Natasha
  6559 | D:6      | Reached XP level 8. HP: 45/62 MP: 8/16
  7053 | D:6      | Reached skill level 8 in Charms
  7429 | D:7      | Reached XP level 9. HP: 59/68 MP: 11/17
  7449 | D:7      | Reached ***** piety under Uskayaw
  8334 | D:8      | Reached ****** piety under Uskayaw
  8335 | D:8      | Reached skill level 5 in Stealth
  8337 | D:8      | Reached skill level 5 in Necromancy
  8352 | D:8      | Reached skill level 5 in Staves
  8359 | D:8      | HP: 3/68 [orc priest/nerve-wracking pain (4)]
  8359 | D:8      | HP: 1/68 [orc/tomahawk (2)]
  8670 | D:8      | Found a staircase to the Lair.
  8686 | D:8      | Reached skill level 5 in Crossbows
  8686 | D:8      | Reached skill level 5 in Translocations
  9039 | D:8      | Reached skill level 5 in Fire Magic
  9048 | D:8      | Reached skill level 5 in Bows
  9064 | D:8      | Reached skill level 5 in Hexes
  9064 | D:8      | Reached XP level 10. HP: 74/74 MP: 17/20
  9115 | D:8      | Reached skill level 5 in Armour
  9164 | D:8      | Found Yhonweci's Assorted Antiques.
  9180 | D:8      | Reached skill level 5 in Shields
  9180 | D:8      | Reached skill level 5 in Poison Magic
  9657 | D:9      | Reached skill level 5 in Invocations
  9660 | D:9      | Reached skill level 5 in Slings
  9663 | D:9      | Reached skill level 5 in Polearms
  9838 | D:9      | Found a shimmering altar of Xom.
  9871 | D:9      | Reached skill level 5 in Conjurations
  9985 | D:9      | Reached skill level 9 in Charms
 10022 | D:9      | Noticed Erica
 10051 | D:9      | Killed Erica
 10051 | D:9      | Reached skill level 5 in Transmutations
 10051 | D:9      | Reached skill level 5 in Earth Magic
 10242 | D:9      | Found a sacrificial altar of Ru.
 10274 | Lair:1   | Entered Level 1 of the Lair of Beasts
 10433 | Lair:1   | HP: 1/76 [blink frog (13)]
 10444 | Lair:1   | Slain by a blink frog

Vault maps used:
D:1:      onia_arrival_mini_spirals, minmay_misc_feat_pillars
D:2:      minmay_roachtagon
D:3:      lemuel_crystal_altar, nicolae_overflow_hidden_temple,
          serial_co_window_serial, co_window_paths_a, co_window_paths_b,
          co_window_corner_a, co_window_paths_b, co_window_corner_a,
          co_window_of_opportunity_c, co_window_2corner, co_window_paths_c,
          co_window_of_opportunity_c, co_window_4corner_a, co_window_paths_d,
          glass_columns_b, glass_columns_a, glass_columns_c, glass_columns_a,
          lightli_sewer_entry_pipes, first_bread
D:4:      uniq_natasha, uniq_blork_the_orc
D:5:      grunt_temple_overflow_open, temple_green
D:7:      hangedman_decor_growths
D:8:      erik_lair_orcish_takeover, serial_shops, nicolae_shop_behind_doors,
          hangedman_decor_push
D:9:      kennysheep_mini_moat, basic_altar, uniq_erica
Temple:   eino_temple_rhombus

Skill      XL: |  1  2  3  4  5  6  7  8  9 10 |
---------------+-------------------------------+-----
Bows           | 1 2 3 5 |  5.8
Invocations    | 1 2 3 4 5 |  5.3
Fire Magic     | 1 2 3 5 |  5.5
Spellcasting   | 5 6 7 |  7.2
Necromancy     | 1 2 3 5 6 |  6.0
Throwing       | 1 2 3 4 |  4.8
Staves         | 1 2 3 5 6 |  6.2
Transmutations | 1 2 4 5 |  5.0
Dodging        | 5 6 7 |  7.5
Polearms       | 1 2 4 5 |  5.4
Hexes          | 1 2 4 5 |  5.7
Translocations | 1 2 3 5 |  5.8
Poison Magic   | 1 2 3 4 5 |  5.3
Armour         | 3 4 5 |  5.8
Axes           | 5 6 7 |  7.6
Slings         | 1 2 3 4 5 |  5.4
Stealth        | 1 2 3 5 |  5.7
Air Magic      | 1 2 3 4 |  4.8
Short Blades   | 1 2 3 4 |  4.4
Shields        | 1 2 3 4 5 |  5.4
Ice Magic      | 1 2 3 4 |  4.2
Evocations     | 1 2 3 4 |  4.8
Summonings     | 2 3 4 |  4.7
Earth Magic    | 2 3 4 5 |  5.1
Crossbows      | 2 3 5 |  5.9
Conjurations   | 1 2 3 4 5 |  5.4
Charms         | 7 8 9 |  9.4
Long Blades    | 1 2 3 4 |  4.8
Maces & Flails | 2 4 |  4.7
Fighting       | 5 6 |  6.2
Unarmed Combat | 1 2 3 4 |  4.8

Action                   |  1- 3 |  4- 6 |  7- 9 | 10-12 || total
-------------------------+-------+-------+-------+-------++-------
Melee: Hand axe          |    96 |   350 |   314 |   172 ||   932
       Bite              |     8 |    53 |    33 |    20 ||   114
       Punch             |       |       |     2 |     3 ||     5
 Cast: Infusion          |     3 |       |       |       ||     3
       Shroud of Golubri |       |    14 |     6 |    11 ||    31
       Regeneration      |       |    16 |     6 |     9 ||    31
       Song of Slaying   |       |     3 |    11 |     8 ||    22
Invok: Grand Finale      |       |       |     1 |       ||     1
  Use: Scroll            |     5 |       |     1 |       ||     6
       Potion            |       |     2 |     4 |     1 ||     7
 Stab: Sleeping          |     3 |     4 |       |       ||     7
       Paralysed         |       |     2 |    21 |    10 ||    33
  Eat: Chunk             |     1 |     9 |    10 |     5 ||    25
       Bread ration      |       |     1 |     1 |       ||     2
Armor: Leather armour    |    20 |    55 |       |       ||    75
       Chain mail        |       |       |   169 |   108 ||   277
Dodge: Dodged            |    95 |   264 |   166 |   103 ||   628

Table legend:
 A = Spawn XP
 B = Non-spawn XP
 C = Spawn XP percentage of total XP
 D = Spawn monster count
 E = Non-spawn monster count
 F = Spawn count percentage of total count
 G = Total turns spent on level
                    A         B        C        D         E        F      G
               +---------+---------+-------+---------+---------+-------+---------
         Total |       0 |    8200 |   0.0 |       0 |     248 |   0.0 | 10444
               +---------+---------+-------+---------+---------+-------+---------
           D:1 |       0 |      62 |   0.0 |       0 |      25 |   0.0 |  1014
           D:2 |       0 |      46 |   0.0 |       0 |      23 |   0.0 |   907
           D:3 |       0 |     244 |   0.0 |       0 |      38 |   0.0 |  2346
           D:4 |       0 |     477 |   0.0 |       0 |      30 |   0.0 |  1168
           D:5 |       0 |     309 |   0.0 |       0 |      13 |   0.0 |  1053
           D:6 |       0 |    1038 |   0.0 |       0 |      18 |   0.0 |   869
           D:7 |       0 |     916 |   0.0 |       0 |      30 |   0.0 |   859
           D:8 |       0 |    2209 |   0.0 |       0 |      37 |   0.0 |  1326
           D:9 |       0 |    2470 |   0.0 |       0 |      31 |   0.0 |   676
        Lair:1 |       0 |     429 |   0.0 |       0 |       3 |   0.0 |   170
               +---------+---------+-------+---------+---------+-------+---------
